 Dungeon Crawl Stone Soup version 0.29-a0-40-g8eb35efe60 (webtiles) character file.

Game seed: 18012092545810120270

336 shoop the Poker (level 6, -4/45 HPs)
             Began as a Merfolk Artificer on Feb 1, 2022.
             Killed by divine providence
             ... invoked by an orc priest
              (16 damage)
             ... on level 4 of the Dungeon.
             The game lasted 00:06:38 (4302 turns).

shoop the Poker (Merfolk Artificer)                 Turns: 4302, Time: 00:06:38

Health: -4/45      AC:  7    Str: 14    XL:     6   Next: 54%
Magic:  6/6        EV: 13    Int: 11    God:
Gold:   75         SH:  0    Dex: 14    Spells: 5/5 levels left

rFire   . . .      SeeInvis .   r - +0 glaive
rCold   . . .      Faith    .   (shield currently unavailable)
rNeg    . . .      Spirit   .   v - +1 animal skin
rPois   .          Reflect  .   w - +0 helmet
rElec   .          Harm     .   x - +2 cloak
rCorr   .          Rampage  .   (no gloves)
Will    .....                   (no boots)
Stlth   ++........              o - amulet of the acrobat
HPRegen 0.15/turn               (no ring)
MPRegen 0.10/turn               (no ring)

@: no status effects
A: (nimble swimmer 2), mertail
a: no special abilities


You were on level 4 of the Dungeon.
You visited 1 branch of the dungeon, and saw 4 of its levels.

You collected 75 gold pieces.

Inventory:

Hand Weapons
 a - a +0 club
 h - a +1 dagger of pain
 r - a +0 glaive (weapon)
Missiles
 g - a throwing net
Armour
 b - a +0 leather armour
 j - a +0 cloak
 v - a +1 animal skin (worn)
 w - a +0 helmet (worn)
 x - a +2 cloak (worn)
Jewellery
 o - an amulet of the acrobat (around neck)
Wands
 c - a wand of flame (5) (quivered)
 d - a wand of charming (15)
Scrolls
 f - a scroll of vulnerability {unknown}
 i - 2 scrolls of teleportation {unknown}
 k - a scroll of noise {unknown}
 n - 2 scrolls of identify {unknown}
 p - a scroll of torment {unknown}
 q - a scroll of fear {unknown}
 s - a scroll of blinking {unknown}
Potions
 l - a potion of magic {unknown}
 m - a potion of heal wounds {unknown}
 t - a potion of degeneration {unknown}
 u - a potion of lignification {unknown}
Miscellaneous
 e - a piece from Xom's chessboard (15/15)


   Skills:
 - Level 2.3 Fighting
 + Level 7.6 Polearms
 - Level 1.4 Armour
 - Level 3.0 Dodging
 - Level 2.0 Stealth
 - Level 3.1 Evocations


You had 5 spell levels left.
You didn't know any spells.
Your spell library contained the following spells:

 Spells                   Type           Power      Damage    Failure   Level
 Animate Dead             Necr           0%         N/A       98%         4
 Haunt                    Necr/Summ      0%         N/A       100%        7
 Infestation              Necr           0%         N/A       100%        8


Dungeon Overview and Level Annotations

Branches:
Dungeon (4/15)
 Temple: D:4-7

Altars:
Hepliaklqana
Okawaru

Shops:
D:2 !   D:3 (

Annotations:
D:3 Natasha


Innate Abilities, Weirdness & Mutations

((You are very nimble when in or above water. (Stealth+, EV+, Speed+++)))
Your lower body shifts to a powerful aquatic tail in water.


Message History

Level annotation: Natasha
There is a stone staircase leading down here.
You closely miss the goblin. The goblin hits you but does no damage.
You closely miss the goblin. The goblin hits you with a +0 club.
You barely miss the goblin. The goblin closely misses you.
You hit the goblin.
You kill the goblin!
No target in view!
No target in view!
Items here: ))) [ ††.
Things that are here:
a +0 club; an orc corpse
There is a stone staircase leading down, spattered with blood here.
You start resting.
HP restored.
You climb downwards.
There is a stone staircase leading up here.
You reach to attack!
You slash the orc priest!
The orc priest is severely wounded.
A hobgoblin comes into view.
The orc priest mumbles some strange prayers to Beogh against you.
Pain shoots through your body!
You barely miss the orc priest.
The orc priest is severely wounded.
The orc priest hits you with a +0 club.
You closely miss the orc priest.
The orc priest is severely wounded.
The orc priest invokes the aid of Beogh against you.
Beogh smites you!
You hit the orc priest.
The orc priest is almost dead.
The orc priest hits you but does no damage.
The orc priest mumbles some strange prayers to Beogh against you.
Pain shoots through your body!
* * * LOW HITPOINT WARNING * * *
You barely miss the orc priest.
The orc priest is almost dead.
The orc priest invokes the aid of Beogh against you.
Beogh smites you!
You die...

#..!..# #.....#
#.....# #.....#
# #.....#
#.#.....# .
#.......# ...
###...o)##.)g..
#....@'......
#.....#####.#
#.##### #. ##


You could see an orc priest and a hobgoblin.

Vanquished Creatures
  Grinder (D:3)
  An orc priest (D:4)
  Robin (D:3)
  An adder (D:3)
  A gnoll (D:1)
  3 orcs (D:3)
  4 ball pythons
  6 bats
  5 endoplasms
  2 giant cockroaches
  17 goblins
  6 hobgoblins
  3 jackals (D:2)
  4 quokkas
  2 frilled lizards (D:1)
  4 kobolds
  5 rats
66 creatures vanquished.

Notes
Turn   | Place    | Note
-------+----------+-------------------------------------------
     0 | D:1      | shoop the Merfolk Artificer began the quest for the Orb.
     0 | D:1      | Reached XP level 1. HP: 15/15 MP: 1/1
   594 | D:1      | Reached XP level 2. HP: 19/21 MP: 2/2
  1047 | D:1      | Reached skill level 1 in Armour
  1431 | D:1      | Reached XP level 3. HP: 18/27 MP: 3/3
  1830 | D:2      | Found a hazy altar of Hepliaklqana.
  1979 | D:2      | Found Riomamo's Distillery.
  1993 | D:2      | Found a faded altar of an unknown god.
  2858 | D:3      | Noticed Natasha
  3162 | D:3      | Reached skill level 1 in Polearms
  3162 | D:3      | Reached XP level 4. HP: 27/34 MP: 4/4
  3233 | D:3      | Found Letuly's Weapon Boutique.
  3284 | D:3      | Found an iron altar of Okawaru.
  3292 | D:3      | Reached skill level 2 in Polearms
  3544 | D:3      | Noticed Robin
  3566 | D:3      | Killed Robin
  3567 | D:3      | Reached skill level 3 in Polearms
  3658 | D:3      | Noticed Grinder
  3664 | D:3      | Paralysed by Grinder for 7 turns
  3672 | D:3      | Killed Grinder
  3673 | D:3      | Reached skill level 7 in Polearms
  3673 | D:3      | Reached XP level 5. HP: 4/39 MP: 5/5
  3673 | D:3      | Reached XP level 6. HP: 5/45 MP: 6/6
  4302 | D:4      | Killed from afar by an orc priest

Illustrated notes

Levels and vault maps discovered:
D:1:      evilmike_arrival_rings, layout_basic
D:2:      layout_basic, basic_altar, shapermc_ecumenical_altar_venn,
          serial_shops, shop, minmay_tetromino_t2
D:3:      layout_basic, kennysheep_okawaru_gauntlet, serial_shops, shop,
          serial_park_tiny_1, uniq_robin, uniq_grinder, uniq_natasha
D:4:      gammafunk_cloud_chamber, layout_basic, minmay_temple_entry_nine_rooms,
          uniq_eustachio

Skill      XL: |  1  2  3  4 |
---------------+-------------+-----
Dodging        | 3 |  3.0
Armour         | 1 |  1.4
Fighting       | 2 |  2.3
Stealth        | 2 |  2.0
Polearms       | 1 7 |  7.6
Evocations     | |  3.1

Action                   |  1- 3 |  4- 6 || total
-------------------------+-------+-------++-------
Melee: Club              |    28 |       ||    28
       Dagger            |   131 |       ||   131
       Punch             |     1 |       ||     1
       Glaive            |    10 |    77 ||    87
Evoke: Wand              |     3 |     7 ||    10
 Stab: Sleeping          |     5 |     4 ||     9
Armor: Leather armour    |    44 |    10 ||    54
       Animal skin       |       |     8 ||     8
Dodge: Dodged            |   117 |    35 ||   152

Table legend: (Time is in decaauts)
 A = Elapsed time spent in this place.
 B = Non-inter-level travel time spent in this place.
 C = Inter-level travel time spent in this place.
 D = Time resting spent in this place.
 E = Time spent auto-exploring this place.
 F = Levels seen in this place.
 G = Mean time per level.
                   A        B        C        D        E       F      G
               +--------+--------+--------+--------+--------+-----+--------+
         Total |   4359 |   4120 |    239 |    253 |   3085 |   4 | 1089.8 |
       Dungeon |   4359 |   4120 |    239 |    253 |   3085 |   4 | 1089.8 |
               +--------+--------+--------+--------+--------+-----+--------+

Top non-repeatable levels by time:
     D:1: 2236 daAuts
     D:3: 1231 daAuts
     D:2: 867 daAuts
     D:4: 24 daAuts
